 Dungeon Crawl Stone Soup version bcrawl-1.13.4 (webtiles) character file.

Game seed: 13263564082206716954

1486 Felnil the Fighter (level 8, -8/59 HPs)
             Began as a Skeleton Fighter on Aug 19, 2019.
             Was an Initiate of Ru.
             Mangled by an iguana (10 damage)
             ... on level 5 of the Dungeon.
             The game lasted 00:14:39 (6348 turns).

Felnil the Fighter (Skeleton Fighter)               Turns: 6348, Time: 00:14:39

Health: -8/59      AC:  6    Str: 25      XL:     8   Next: 50%
Magic:  0/8        EV:  8    Int:  6 (7)  God:    Ru [......]
Gold:   380        SH:  9    Dex:  6 (8)  Spells: 7/7 levels left

rFire    . . .     SeeInvis .   n - +4 dagger (chaos)
rCold    + + .     Gourm    .   c - +0 shield
rNeg     + + +     Faith    .   r - +1 ring mail {rC+}
rPois    ∞         Spirit   +   (no helmet)
rElec    .         Reflect  .   (no cloak)
rCorr    .         Harm     .   (no gloves)
MR       +....                  (no boots)
Stlth    +.........             (no amulet)
HPRegen  0.19/turn              (no ring)
MPRegen  0.11/turn              (no ring)

@: studying Stealth
A: no food or potions, cold resistance 1, deterioration 1, negative energy
resistance 3, powered by death 1, torment resistance, unbreathing, magic shield,
sturdy frame 1, spell healing
a: Renounce Religion


You were on level 5 of the Dungeon.
You worshipped Ru.
Ru was noncommittal.
You were not hungry.

You visited 2 branches of the dungeon, and saw 7 of its levels.

You collected 380 gold pieces.

Inventory:

Hand Weapons
 a - a +0 war axe
 n - a +4 dagger of chaos (weapon)
 s - a +2 rapier of speed
Missiles
 k - 64 exploding tomahawks (quivered)
 o - 67 tomahawks
Armour
 b - a +0 scale mail
 c - a +0 shield (worn)
 r - a +1 ring mail of cold resistance (worn)
Wands
 m - a wand of polymorph (1)
 q - a wand of paralysis (5)
Scrolls
 d - a scroll of amnesia
 e - a scroll of magic mapping
 f - a scroll of enchant armour
 g - 3 scrolls of teleportation
 h - 4 scrolls of remove curse
 i - a scroll of fear
 l - 7 scrolls of identify
 p - a scroll of torment
Books
 j - a manual of Stealth


   Skills:
 + Level 10.9 Fighting
 - Level 2.4 Axes
 - Level 3.2 Armour
 - Level 3.6 Shields


You had 7 spell levels left.
You didn't know any spells.
Your spell library was empty.

Dungeon Overview and Level Annotations

Branches:
Dungeon (6/12)             Temple (1/1) D:5

Altars:
Ashenzari
Cheibriados
Dithmenos
Gozag
Hepliaklqana
Kikubaaqudgha
Makhleb
Nemelex Xobeh
Okawaru
Ru
Sif Muna
Trog
Uskayaw
Vehumet
Wu Jian
Xom
Zin
The Shining One


Innate Abilities, Weirdness & Mutations

You do not eat or drink.
You are immune to poison.
Your flesh is cold resistant. (rC+)
Your body sometimes deteriorates upon taking damage.
You are immune to negative energy. (rN+++)
You regenerate a little health from kills.
You are immune to unholy pain and torment.
You can survive without breathing.
When hurt, damage is shared between your health and your magic reserves.
Your movements are slightly less encumbered by armour. (ER -2)
Casting spells heals you.


Message History

You hit the wyvern zombie.
Space bends around the wyvern zombie.
You destroy the wyvern zombie!
You hit the iguana but do no damage. The iguana bites you.
You barely miss the iguana. The iguana bites you!
* * * LOW HITPOINT WARNING * * *
You hit the iguana but do no damage.
The iguana flickers and vanishes!
Deactivating autopickup; reactivate with Ctrl-A.
Something bites you but does no damage.
You puncture something! You freeze something. You block something's attack.
You barely miss something. Something bites you but does no damage.
You closely miss something. Something bites you.
* * * LOW HITPOINT WARNING * * *
There is a stone staircase leading up here.
Something bites you!
* * * LOW HITPOINT WARNING * * *
You climb upwards.
Reactivating autopickup.
There is a stone staircase leading down here.
Something bites you!
You die...

########..# #####.# #.....#
#.# #.....# ###.## #.....#
#..... # #.....# ####.#### #
####### #.....## #....# ♣
#)....# #......# #.##<# ♣
#.....# #....#.## ###.#### ♣
#.....########@.# #....## ♣
#.....'........># #.[.§§# ♣
#.....################..§§##
♣
#.....'...#........###..§≈≈#
♣
#.....#.#.#.#.#.#####≈...§≈#
♣##.....+.....#.#.# #≈§..≈##
.......!#.#.......# ##≈..##
.####'#.#.#.......#### ##§##
## #.#...#.###......####'###


There were no monsters in sight!

Vanquished Creatures
  Pikel (D:4)
  A phantom (D:5)
  2 bullfrogs
  A wyvern zombie (D:6)
  A killer bee (D:5)
  A crimson imp (D:4)
  A centaur zombie (D:6)
  6 hounds
  3 orc priests
  A bullfrog skeleton (D:2)
  3 iguanas
  2 orc wizards
  3 worker ants
  Ijyb (D:3)
  A hound zombie (D:4)
  A worker ant zombie (D:3)
  7 adders
  3 oozes
  3 worms
  2 dart slugs
  2 leopard geckos
  13 orcs
  2 ball pythons
  2 giant cockroaches (D:1)
  7 goblins
  2 hobgoblins
  A jackal (D:4)
  6 bats
  3 frilled lizards
  A jackal skeleton (D:4)
  6 kobolds
  A leopard gecko skeleton (D:4)
  2 quokka skeletons (D:4)
  6 rats
98 creatures vanquished.

Vanquished Creatures (others)
  2 slaves (D:4)
  2 orcs (D:4)
  A goblin (D:3)
  A jackal (D:4)
6 creatures vanquished.

Grand Total: 104 creatures vanquished

Notes
Turn   | Place    | Note
-------+----------+-------------------------------------------
     0 | D:1      | Felnil the Skeleton Fighter began the quest for the Orb.
     0 | D:1      | Reached XP level 1. HP: 14/14 MP: 1/1
   247 | D:1      | Reached XP level 2. HP: 19/19 MP: 2/2
   375 | D:1      | Reached skill level 4 in Fighting
   581 | D:2      | Reached XP level 3. HP: 24/24 MP: 3/3
   681 | D:2      | Reached XP level 4. HP: 20/30 MP: 2/4
  1030 | D:2      | Reached skill level 5 in Fighting
  1237 | D:2      | Found an opulent altar of Gozag.
  1238 | D:2      | Found a glowing silver altar of Zin.
  1821 | D:3      | Reached XP level 5. HP: 17/36 MP: 2/5
  2028 | D:3      | Noticed Ijyb
  2510 | D:3      | Killed Ijyb
  2510 | D:3      | Reached skill level 6 in Fighting
  3149 | D:3      | Found a shadowy altar of Dithmenos.
  3149 | D:3      | Found a snail-covered altar of Cheibriados.
  3156 | D:3      | Found a hazy altar of Hepliaklqana.
  3158 | D:3      | Found a deep blue altar of Sif Muna.
  3160 | D:3      | Found a faded altar of an unknown god.
  3497 | D:4      | Gained mutation: You regenerate a little health from kills.
                  | [Skeleton growth]
  3497 | D:4      | Reached XP level 6. HP: 12/42 MP: 2/6
  3874 | D:4      | Reached skill level 7 in Fighting
  4266 | D:4      | Noticed an orc warrior
  4704 | D:4      | Noticed a slave
  4705 | D:4      | Noticed Pikel
  4706 | D:4      | Noticed a slave
  4707 | D:4      | Noticed a slave
  4708 | D:4      | Noticed a slave
  4726 | D:4      | Killed Pikel
  4726 | D:4      | Reached skill level 9 in Fighting
  4726 | D:4      | Reached XP level 7. HP: 31/51 MP: 5/7
  5339 | D:5      | Entered Level 5 of the Dungeon
  5454 | D:5      | Reached XP level 8. HP: 54/57 MP: 8/8
  5525 | D:5      | Reached skill level 10 in Fighting
  5687 | D:5      | Found a staircase to the Ecumenical Temple.
  5698 | Temple   | Entered the Ecumenical Temple
  5741 | Temple   | Became a worshipper of Ru the Awakened
  6346 | D:6      | HP: 1/59 [something (8)]
  6348 | D:5      | Mangled by an iguana

Skill      XL: |  1  2  3  4  5  6  7  8 |
---------------+-------------------------+-----
Fighting       | 4 5 6 9 10 | 10.9
Axes           | |  2.4
Armour         | |  3.2
Shields        | |  3.6

Action                   |  1- 3 |  4- 6 |  7- 9 || total
-------------------------+-------+-------+-------++-------
Melee: War axe           |    93 |    90 |       ||   183
       Dagger            |       |   138 |   154 ||   292
Throw: Tomahawk          |       |     6 |       ||     6
  Use: Scroll            |     5 |     8 |     2 ||    15
 Stab: Invisible         |       |     2 |       ||     2
       Paralysed         |       |       |     2 ||     2
Armor: Scale mail        |    36 |    80 |    27 ||   143
       Ring mail         |       |       |    12 ||    12
Dodge: Dodged            |    61 |    67 |    46 ||   174
Block: Shield            |    60 |    88 |    59 ||   207
